 Dungeon Crawl Stone Soup version 0.20-a0-537-g052e6ba (webtiles) character file.

82 Klosterheim the Charmwright (level 4, -4/44 HPs)
             Began as an Ogre Skald on Jan 28, 2017.
             Killed from afar by Sigmund (6 damage)
             ... with a magic dart
             ... on level 2 of the Dungeon.
             The game lasted 00:04:20 (2967 turns).

Klosterheim the Charmwright (Ogre Skald)            Turns: 2967, Time: 00:04:21

Health: -4/44      AC:  3    Str: 15    XL:     4   Next: 43%
Magic:  2/7        EV: 10    Int: 14    God:
Gold:   131        SH:  0    Dex:  9    Spells: 7/8 levels left

rFire    . . .     SeeInvis .   a - +0 mace
rCold    . . .     Gourm    +   b - +0 robe
rNeg     . . .     Faith    .   (no shield)
rPois    .         Spirit   .   (helmet restricted)
rElec    .         Reflect  .   (no cloak)
rCorr    .         Harm     .   (gloves unavailable)
MR       .....                  (boots unavailable)
Stlth    +.........             r - amulet of the gourmand
Regen    0.2/turn               (no ring)
                                (no ring)

@: confused, infused (expiring)
A: unfitting armour, tough skin 1
a: no special abilities


You were on level 2 of the Dungeon.
You were not hungry.

You visited 1 branch of the dungeon, and saw 2 of its levels.

You collected 131 gold pieces.

Inventory:

Hand Weapons
 a - a +0 mace (weapon)
Armour
 b - a +0 robe (worn)
 e - a +0 buckler
Jewellery
 r - an amulet of the gourmand (around neck)
Scrolls
 f - 2 scrolls of remove curse {unknown}
 j - a scroll of enchant armour {unknown}
 m - a scroll of magic mapping {unknown}
 o - 3 scrolls of identify {unknown}
 p - 3 scrolls of recharging {unknown}
 q - a scroll of noise {unknown}
 s - a scroll of amnesia {unknown}
Potions
 g - a potion of lignification {unknown}
 h - a potion of heal wounds {unknown}
 i - 3 potions of curing {unknown}
 l - a potion of invisibility {unknown}
 n - 2 potions of brilliance {unknown}
Books
 c - a book of Battle

   Spells                             Type                      Level
   a - Infusion                       Charms                       1
   b - Shroud of Golubria             Charms/Translocation         2
   c - Song of Slaying                Charms                       2
   d - Spectral Weapon                Hexes/Charms                 3
   e - Regeneration                   Charms/Necromancy            3
Comestibles
 d - 3 bread rations
 k - a royal jelly


   Skills:
 - Level 2.8 Fighting
 * Level 3.1 Maces & Flails
 - Level 2.1 Dodging
 - Level 2.5 Spellcasting
 + Level 3.6 Charms


You had 7 spell levels left.
You knew the following spells:

 Your Spells              Type           Power        Failure   Level  Hunger
a - Infusion              Chrm           ##..         6%          1    #......


Dungeon Overview and Level Annotations

Branches:
Dungeon (2/15)

Altars:
Sif Muna
Xom

Annotations:
D:2 Sigmund


Innate Abilities, Weirdness & Mutations

You are too large for most types of armour.
You have tough skin. (AC +1)


Message History

Sigmund hits you with a scythe!
You barely miss Sigmund.
Sigmund is severely wounded.
Sigmund hits you with a scythe!
* * * LOW HITPOINT WARNING * * *
You hit Sigmund.
Sigmund is almost dead.
Sigmund casts a spell at you. The magic dart hits you!
* * * LOW HITPOINT WARNING * * *
You barely miss Sigmund.
Sigmund is almost dead.
Sigmund points at you and mumbles some strange words.
You are confused.
You're too confused to move!
Sigmund hits you with a scythe.
* * * LOW HITPOINT WARNING * * *
You bump into the rock wall.
Sigmund casts a spell at you. The magic dart hits you!
You die...

#.# #.# ################.#
#................#
#.##################
#.#........#........
#.#........#.#######
*#######.#.##.#####)#......
*......#.#@##.#....(.......
*<.....'...@#.#.###.#......
*......#.####.#.#.......#..
*......#......#(#.#.....#,*
*.....,########.#.#######,*
*.....,*.................,,
*....,,*>..(.............,,
*....,,*#####.#..........,,
******** #.###########**


You could see Sigmund.

Vanquished Creatures
  An adder (D:2)
  A worm (D:2)
  A leopard gecko (D:2)
  A ball python (D:1)
  A giant cockroach (D:2)
  11 goblins
  9 hobgoblins
  4 jackals (D:2)
  10 kobolds
  2 quokkas (D:2)
  10 bats
  3 frilled lizards (D:2)
  8 rats
62 creatures vanquished.

Notes
Turn   | Place    | Note
-------+----------+-------------------------------------------
     0 | D:1      | Klosterheim the Ogre Skald began the quest for the Orb.
     0 | D:1      | Reached XP level 1. HP: 22/22 MP: 3/3
   371 | D:1      | Reached XP level 2. HP: 15/29 MP: 5/5
   998 | D:1      | You fall through a shaft!
  1057 | D:2      | Reached XP level 3. HP: 29/36 MP: 6/6
  1945 | D:2      | Reached XP level 4. HP: 19/44 MP: 3/7
  2180 | D:2      | Noticed Sigmund
  2775 | D:2      | Found a deep blue altar of Sif Muna.
  2776 | D:2      | Found a shimmering altar of Xom.
  2966 | D:2      | HP: 2/44 [Sigmund/scythe (2)]
  2967 | D:2      | Killed from afar by Sigmund

Vault maps used:
D:1:      lightli_arrival_statue_moat
D:2:      kennysheep_the_goblin_king, gammafunk_temple_overflow_statue,
          first_bread, uniq_sigmund

Skill      XL: |  1  2  3 |
---------------+----------+-----
Charms         | 3 |  3.6
Maces & Flails | 2 3 |  3.1
Fighting       | |  2.8
Dodging        | |  2.1
Spellcasting   | |  2.5

Action                   |  1- 3 |  4- 6 || total
-------------------------+-------+-------++-------
Melee: Mace              |   178 |    74 ||   252
 Cast: Infusion          |     3 |     2 ||     5
  Eat: Chunk             |     4 |     4 ||     8
Armor: Robe              |    65 |    35 ||   100
Dodge: Dodged            |   132 |    51 ||   183
